 Dungeon Crawl Stone Soup version 0.24.0 (webtiles) character file.

Game seed: 8939740167032459447, levelgen mode: deterministic

911 Faels the Chopper (level 7, 0/56 HPs)
             Began as a Demonspawn Fighter on Feb 18, 2020.
             Was a Follower of Okawaru.
             Succumbed to an orc wizard's poison
             ... on level 3 of the Dungeon.
             The game lasted 00:13:36 (4103 turns).

Faels the Chopper (Demonspawn Fighter)              Turns: 4103, Time: 00:13:36

Health: 0/56       AC: 16    Str: 17 (20) XL:     7   Next: 82%
Magic:  7/7        EV:  4    Int:  6 (9)  God:    Okawaru [*.....]
Gold:   162        SH: 12    Dex: 13      Spells: 6/6 levels left

rFire    . . .     SeeInvis .   a - +0 war axe
rCold    . . .     Gourm    .   c - +4 shield
rNeg     . . .     Faith    .   B - +1 plate armour of Temperance {rCorr} (curse)
rPois    .         Spirit   .   (no helmet)
rElec    .         Reflect  .   (no cloak)
rCorr    +         Harm     .   (no gloves)
MR       +....                  A - +0 pair of boots
Stlth    ..........             (no amulet)
HPRegen  0.18/turn              i - ring of protection from magic
MPRegen  0.10/turn              t - +2 ring of strength

@: lethally poisoned (0 -> -3)
A: molten scales 2, mutation resistance 1, powered by pain 1
a: Heroism, Renounce Religion


You were on level 3 of the Dungeon.
You worshipped Okawaru.
Okawaru was aware of your devotion.
You were hungry.

You visited 1 branch of the dungeon, and saw 4 of its levels.
You also visited: Ossuary.

You collected 162 gold pieces.

Inventory:

Hand Weapons
 a - a +0 war axe (weapon)
 h - a +2 glaive of distortion
Missiles
 l - a throwing net
 n - 19 poisoned darts (quivered)
 o - 3 datura-tipped darts
 C - 3 boomerangs of dispersal
Armour
 b - a +0 scale mail
 c - a +4 shield (worn)
 s - a +0 chain mail
 z - a +2 leather armour of poison resistance
 A - a +0 pair of boots (worn)
 B - the cursed +1 plate armour of Temperance (worn) {rCorr}
   (You found it on level 4 of the Dungeon)

   It provides partial protection from all sources of acid and corrosion.
   It has a curse placed upon it.
Jewellery
 i - a ring of protection from magic (left hand)
 t - a +2 ring of strength (right hand)
Wands
 y - a wand of digging (6)
Scrolls
 j - 3 scrolls of remove curse
 u - 4 scrolls of immolation {unknown}
 w - 3 scrolls of noise {unknown}
 x - 3 scrolls of random uselessness {unknown}
 D - a scroll of teleportation {unknown}
 F - a scroll of amnesia {unknown}
 H - a scroll of magic mapping {unknown}
Potions
 d - a potion of cancellation {unknown}
 e - 2 potions of haste
 m - 5 potions of degeneration
 p - a potion of lignification
 q - 2 potions of brilliance
 r - 3 potions of mutation
 v - 2 potions of might
 G - a potion of resistance {unknown}
Comestibles
 f - 7 rations
 E - a chunk of flesh


   Skills:
 + Level 5.4 Fighting
 * Level 6.1 Axes
 - Level 2.6 Armour
 + Level 3.6 Dodging
 - Level 2.6 Shields


You had 6 spell levels left.
You didn't know any spells.
Your spell library was empty.

Dungeon Overview and Level Annotations

Branches:
Dungeon (4/15)            Ossuary (visited)
 Temple: D:4-7

Altars:
Okawaru
Qazlal
Sif Muna
Uskayaw
Yredelemnul


Innate Abilities, Weirdness & Mutations

You are mostly covered in molten scales. (AC +3)
You sometimes gain a little power by taking damage.
You are somewhat resistant to further mutation.


Message History

You feel extremely strange.
Your body's shape seems more normal.
You feel less resistant to hostile enchantments.
Your thoughts seem clearer.
Your toenails lengthen and sharpen.
* * * LOW HITPOINT WARNING * * *
You feel sick.
Okay, then.
Really quaff the potion of mutation?
You feel extremely strange.
Your thinking seems confused.
Your talons dull and shrink into feet.
You feel stupid.
Your vision blurs.
You feel robust.
You feel less wooden.
Your +0 pair of boots unmelds from your body.
The cursed +1 plate armour of Temperance {rCorr} unmelds from your body.
Okay, then.
Really quaff the potion of mutation?
You feel extremely strange.
You feel frail.
Your vision sharpens.
You feel clever.
You feel genetically stable.
You die...

...8.....############.
...............o.o.o.. #########
#........############. #.......#
#.......###...## #. #.......#
#.......##..#..# ## #.......#
##..........###.####
#.......###......###.........#
##....).[).......[)...........###
..........)....)@.).#.........##.
....###############...........##.
...## ####......###.###. ..#.#
#8o.........#.#### ....#
#$o##.>...#.#.#... ....#
##.##............. ..#.#
#.##............. ...##
#.##.....#..##o## ....#
8o#.###..#......#


There were no monsters in sight!

Vanquished Creatures
  A phantom (D:4)
  2 ogres
  An orc warrior (D:3)
  A scorpion (D:4)
  4 centaur zombies (Ossuary)
  2 orc priests (D:3)
  2 orc wizards (D:3)
  A centaur skeleton (D:4)
  An iguana (D:4)
  Ijyb (D:4)
  A worker ant (D:3)
  4 mummies (Ossuary)
  5 adders
  A worm (D:3)
  A dart slug (D:2)
  4 leopard geckos
  10 orcs
  A giant cockroach (D:3)
  A gnoll zombie (Ossuary)
  4 goblins
  5 hobgoblins
  2 jackals
  5 kobolds
  A quokka (D:3)
  A ball python (D:2)
  4 bats
  3 frilled lizards (D:2)
  A kobold zombie (Ossuary)
  A leopard gecko skeleton (D:4)
  2 orc zombies (Ossuary)
  7 rats
80 creatures vanquished.

Notes
Turn   | Place    | Note
-------+----------+-------------------------------------------
     0 | D:1      | Faels the Demonspawn Fighter began the quest for the Orb.
     0 | D:1      | Reached XP level 1. HP: 18/18 MP: 1/1
   180 | D:1      | Reached skill level 2 in Axes
   323 | D:1      | Gained mutation: You are partially covered in molten
                  | scales. (AC +2) [demonic ancestry]
   323 | D:1      | Reached XP level 2. HP: 22/24 MP: 2/2
   867 | D:2      | Gained mutation: You are mostly covered in molten scales.
                  | (AC +3) [demonic ancestry]
   867 | D:2      | Reached XP level 3. HP: 14/29 MP: 3/3
  1207 | D:2      | Reached skill level 3 in Axes
  1207 | D:2      | Reached skill level 1 in Dodging
  1263 | D:2      | Found an iron altar of Okawaru.
  1271 | D:2      | Became a worshipper of Warmaster Okawaru
  1455 | D:2      | Reached XP level 4. HP: 16/35 MP: 4/4
  1620 | D:2      | Noticed an ogre
  1671 | D:2      | Killed an ogre
  1671 | D:2      | Reached XP level 5. HP: 8/42 MP: 5/5
  1984 | D:2      | Found a shimmering blue altar of Sif Muna.
  1984 | D:2      | Found a basalt altar of Yredelemnul.
  1999 | D:2      | Found a stormy altar of Qazlal.
  2003 | D:2      | Found a faded altar of an unknown god.
  2005 | D:2      | Found a faded altar of an unknown god.
  2054 | D:2      | You fall into a shaft and drop 2 floors!
  2064 | D:4      | Found a sand-covered staircase.
  2071 | D:4      | Noticed Ijyb
  2073 | Ossuary  | Entered an ossuary
  2114 | Ossuary  | Reached skill level 4 in Axes
  2307 | Ossuary  | Gained mutation: You sometimes gain a little power by
                  | taking damage. [demonic ancestry]
  2307 | Ossuary  | Reached XP level 6. HP: 48/48 MP: 6/6
  2336 | Ossuary  | Reached * piety under Okawaru
  2716 | D:4      | Killed Ijyb
  2841 | D:4      | Reached skill level 5 in Axes
  3016 | D:4      | Got a polished plate armour
  3027 | D:4      | Identified the cursed +1 plate armour of Temperance {rCorr}
                  | (You found it on level 4 of the Dungeon)
  3162 | D:4      | Reached XP level 7. HP: 55/55 MP: 7/7
  3180 | D:4      | Found a hide-covered altar of Uskayaw.
  3180 | D:4      | Noticed a +0 dagger
  3180 | D:4      | Noticed a +0 dagger
  3419 | D:4      | Reached skill level 5 in Fighting
  3568 | D:3      | Found a faded altar of an unknown god.
  4071 | D:3      | Reached skill level 6 in Axes
  4093 | D:3      | HP: 4/84 [poisoned by an orc wizard]
  4098 | D:3      | HP: 3/84 [poisoned by an orc wizard]
  4099 | D:3      | Gained mutation: Armour fits poorly on your strangely
                  | shaped body. [potion of mutation]
  4099 | D:3      | Gained mutation: You are resistant to hostile enchantments.
                  | (MR+) [potion of mutation]
  4101 | D:3      | Lost mutation: Armour fits poorly on your strangely shaped
                  | body. [potion of mutation]
  4101 | D:3      | Lost mutation: You are resistant to hostile enchantments.
                  | (MR+) [potion of mutation]
  4101 | D:3      | Gained mutation: You possess an exceptional clarity of
                  | mind. [potion of mutation]
  4101 | D:3      | Gained mutation: You have sharp toenails. [potion of
                  | mutation]
  4101 | D:3      | HP: 1/84 [poisoned by an orc wizard]
  4102 | D:3      | Lost mutation: You possess an exceptional clarity of mind.
                  | [potion of mutation]
  4102 | D:3      | Lost mutation: You have sharp toenails. [potion of
                  | mutation]
  4102 | D:3      | Gained mutation: You are dopey. (Int -2) [potion of
                  | mutation]
  4102 | D:3      | Gained mutation: Scrolls take you a little longer to read.
                  | [potion of mutation]
  4102 | D:3      | Gained mutation: You are robust. (+10% HP) [potion of
                  | mutation]
  4103 | D:3      | Lost mutation: You are robust. (+10% HP) [potion of
                  | mutation]
  4103 | D:3      | Lost mutation: Scrolls take you a little longer to read.
                  | [potion of mutation]
  4103 | D:3      | Lost mutation: You are dopey. (Int -2) [potion of mutation]
  4103 | D:3      | Gained mutation: You are somewhat resistant to further
                  | mutation. [potion of mutation]
  4103 | D:3      | Succumbed to an orc wizard's poison

Levels and vault maps discovered:
D:1:      eino_arrival_tree_alley, layout_rooms, minmay_misc_feat_alley
D:2:      layout_basic, lemuel_crystal_altar,
          chequers_temple_overflow_minitemple, chequers_mini_garden,
          fedhas_ov_isle_minmay
D:3:      wad_river_or_something, layout_rooms, zin_statuary,
          ebering_ghost_rock_garden, chequers_ecumenical_altar_simple
D:4:      layout_gridville, dancing_weapons_uskayaw, first_ration,
          nicolae_ossuary_entry_ruins, uniq_ijyb
